 Dungeon Crawl Stone Soup version 0.24.0-13-gcf9b3192b9 (webtiles) character file.

Game seed: 17125664559047872412, levelgen mode: deterministic

3100 Arum the Nimble (level 9, -3/57 HPs)
             Began as a Vampire Gladiator on Nov 9, 2019.
             Was a Believer of Makhleb.
             Slain by a two-headed ogre
             ... wielding a cursed -3 giant spiked club
              (17 damage)
             ... on level 7 of the Dungeon.
             The game lasted 00:10:46 (5981 turns).

Arum the Nimble (Vampire Gladiator)                 Turns: 5981, Time: 00:10:46

Health: -3/57      AC:  6    Str: 15    XL:     9   Next: 59%
Magic:  9/9        EV: 25    Int: 11    God:    Makhleb [**....]
Gold:   381        SH:  0    Dex: 16    Spells: 8/8 levels left

rFire    + . .     SeeInvis +   A - +0 great sword
rCold    + + +     Gourm    .   (shield currently unavailable)
rNeg     + + +     Faith    .   l - +0 ring mail
rPois    ∞         Spirit   .   c - +0 helmet
rElec    .         Reflect  .   z - scarf {rC+ rF+}
rCorr    .         Harm     .   (no gloves)
MR       .....                  (no boots)
Stlth    +++.......             (no amulet)
HPRegen  0.00/turn              g - +2 ring of evasion
MPRegen  0.11/turn              G - +6 ring of evasion

@: lethally poisoned (-3 -> -3), bloodless, regenerating quickly
A: no food, fangs 3, see invisible, unbreathing
a: Bat Form, Revivify, Minor Destruction, Renounce Religion


You were on level 7 of the Dungeon.
You worshipped Makhleb.
Makhleb was pleased with you.
You were bloodless.

You visited 2 branches of the dungeon, and saw 8 of its levels.

You collected 381 gold pieces.

Inventory:

Hand Weapons
 a - a +0 long sword
 A - a +0 great sword (weapon)
Missiles
 d - 3 throwing nets (quivered)
Armour
 c - a +0 helmet (worn)
 l - a +0 ring mail (worn)
 p - a +2 cloak
 w - a +2 robe of the Archmagi
 z - a scarf of resistance (worn)
Jewellery
 g - a +2 ring of evasion (left hand)
 r - an uncursed ring of flight
 G - a +6 ring of evasion (right hand)
 I - an uncursed ring of fire
Wands
 t - a wand of iceblast (8)
 v - a wand of paralysis (14)
Scrolls
 e - 2 scrolls of fear {unknown}
 i - 9 scrolls of remove curse {unknown}
 n - 5 scrolls of teleportation {unknown}
 o - a scroll of blinking {unknown}
 s - 2 scrolls of noise {unknown}
 x - 2 scrolls of enchant armour {unknown}
 y - 2 scrolls of identify {unknown}
 B - 2 scrolls of enchant weapon {unknown}
 C - 2 scrolls of immolation {unknown}
 E - a scroll of amnesia {unknown}
Potions
 b - a potion of lignification {unknown}
 f - a potion of invisibility {unknown}
 h - a potion of brilliance {unknown}
 j - 3 potions of agility
 k - a potion of haste
 m - 2 potions of heal wounds
 q - 4 potions of curing {unknown}
 u - a potion of mutation {unknown}
 D - a potion of flight {unknown}
 F - a potion of cancellation {unknown}
 H - a potion of might {unknown}


   Skills:
 + Level 7.3 Fighting
 + Level 8.4 Long Blades
 - Level 1.5 Throwing
 + Level 9.2 Dodging


You had 8 spell levels left.
You didn't know any spells.
Your spell library contained the following spells:

 Spells                   Type           Power        Failure   Level  Hunger
 Confusing Touch          Hex            #.....       56%         1    N/A
 Magic Dart               Conj           #...         56%         1    N/A
 Blink                    Tloc           N/A          71%         2    N/A
 Call Imp                 Summ           #.......     71%         2    N/A
 Slow                     Hex            #.......     71%         2    N/A
 Confuse                  Hex            #.......     91%         3    N/A
 Conjure Flame            Conj/Fire      #.......     91%         3    N/A
 Gell's Gravitas          Tloc           #.........   91%         3    N/A
 Mephitic Cloud           Conj/Pois/Air  #.......     91%         3    N/A
 Petrify                  Tmut/Erth      #.......     100%        4    N/A
 Metabolic Englaciation   Hex/Ice        #.........   100%        5    N/A
 Yara's Violent Unravell  Hex/Tmut       #.........   100%        5    N/A

Dungeon Overview and Level Annotations

Branches:
Dungeon (7/15)             Temple (1/1) D:4

Altars:
Ashenzari
Cheibriados
Dithmenos
Elyvilon
Fedhas
Gozag
Hepliaklqana
Kikubaaqudgha
Makhleb
Nemelex Xobeh
Okawaru
Qazlal
Ru
Sif Muna
Trog
Uskayaw
Vehumet
Wu Jian
Xom
Yredelemnul
Zin
The Shining One

Shops:
D:5 (

Annotations:
D:6 2 transporters, EnegeticOcto's ghost, amateur VSEE


Innate Abilities, Weirdness & Mutations

You do not eat.
You do not regenerate when monsters are visible.
You are frail without blood (-20% HP).
You can heal yourself when you bite living creatures.
You are immune to poison.
You have razor-sharp teeth.
You have supernaturally acute eyesight. (SInv)
You can survive without breathing.


Message History

You are too injured to fight recklessly!
You are too injured to fight recklessly!
You are too injured to fight recklessly!
You are too injured to fight recklessly!
You are too injured to fight recklessly!
You are too injured to fight recklessly!
Unknown command.
You hit the two-headed ogre.
The two-headed ogre is moderately wounded.
The two-headed ogre misses you. x2
You hit the two-headed ogre.
The two-headed ogre is heavily wounded.
The two-headed ogre completely misses you.
The two-headed ogre closely misses you.
You slash the two-headed ogre!
The two-headed ogre is heavily wounded.
You slice the two-headed ogre!!
The two-headed ogre is almost dead.
The two-headed ogre hits you with a cursed -3 giant spiked club!
You die...

#.###.#
#.####.#
#### ##.#.##
#......#
#... ##.##
#####..#
#.## #.#
#..(..# #.#
#.#
#.###[###.#
#.# #
#..†..# #.#
.......(...#
##.##
.#.#######.#
#..@# #.#
#...#.O...#
#.#
#.#...#####
#.# #.##.##
#.# # #. .#
#. #. #.


You could see a two-headed ogre.

Vanquished Creatures
  Pikel (D:5)
  Sigmund (D:3)
  Edmund (D:5)
  A water moccasin (D:6)
  3 ice beasts
  A sky beast (D:5)
  A phantom (D:4)
  2 centaurs (D:5)
  3 ogres
  A big kobold (D:7)
  A bullfrog (D:6)
  2 scorpions
  7 crimson imps
  2 centaur skeletons (D:6)
  4 hounds
  3 orc priests
  2 jellies (D:5)
  A bullfrog skeleton (D:7)
  Terence (D:3)
  Natasha (twice) (D:3)
  4 iguanas
  Ijyb (D:3)
  2 orc wizards (D:5)
  2 worker ants
  A hound skeleton (D:5)
  2 worker ant zombies
  Robin (D:3)
  6 gnolls
  6 adders
  An ooze (D:4)
  An adder skeleton (D:6)
  An adder zombie (D:7)
  3 worms
  3 dart slugs
  4 leopard geckos
  24 orcs
  6 giant cockroaches
  7 goblins
  8 hobgoblins
  3 jackals (D:5)
  3 quokkas
  3 ball pythons
  11 bats
  6 frilled lizards
  9 kobolds
  A leopard gecko zombie (D:5)
  A quokka zombie (D:7)
  9 rats
169 creatures vanquished.

Vanquished Creatures (others)
  A crimson imp (D:5)
  A bullfrog skeleton (D:5)
  An adder (D:5)
  2 orcs (D:5)
  A frilled lizard (D:5)
6 creatures vanquished.

Grand Total: 175 creatures vanquished

Notes
Turn   | Place    | Note
-------+----------+-------------------------------------------
     0 | D:1      | Arum the Vampire Gladiator began the quest for the Orb.
     0 | D:1      | Reached XP level 1. HP: 16/16 MP: 1/1
   403 | D:1      | Reached XP level 2. HP: 22/22 MP: 2/2
  1019 | D:2      | Reached XP level 3. HP: 21/21 MP: 3/3
  1160 | D:2      | Reached skill level 4 in Dodging
  1178 | D:2      | Reached XP level 4. HP: 14/27 MP: 4/4
  1245 | D:2      | Found a shadowy altar of Dithmenos.
  1772 | D:3      | Noticed Terence
  1785 | D:3      | Killed Terence
  1847 | D:3      | Found a shimmering altar of Xom.
  1869 | D:3      | Reached XP level 5. HP: 30/32 MP: 5/5
  1917 | D:3      | Reached skill level 5 in Dodging
  1953 | D:3      | Noticed Natasha
  1962 | D:3      | Killed Natasha
  1962 | D:3      | Reached XP level 6. HP: 37/47 MP: 6/6
  1981 | D:3      | Noticed Ijyb
  2003 | D:3      | Killed Ijyb
  2372 | D:3      | Noticed Natasha
  2382 | D:3      | Killed Natasha
  2451 | D:3      | Noticed Sigmund
  2468 | D:3      | Killed Sigmund
  2468 | D:3      | Reached skill level 5 in Long Blades
  2468 | D:3      | Reached XP level 7. HP: 38/54 MP: 7/7
  2609 | D:3      | Noticed Robin
  2626 | D:3      | Killed Robin
  2847 | D:4      | Reached skill level 6 in Dodging
  3204 | D:4      | Found a staircase to the Ecumenical Temple.
  3216 | Temple   | Entered the Ecumenical Temple
  3323 | Temple   | Became a worshipper of Makhleb the Destroyer
  3676 | D:5      | Entered Level 5 of the Dungeon
  3701 | D:5      | Found Jergh's Antique Weapon Shop.
  3764 | D:5      | Reached skill level 5 in Fighting
  3777 | D:5      | Reached XP level 8. HP: 58/62 MP: 8/8
  3818 | D:5      | Noticed Edmund
  3843 | D:5      | Killed Edmund
  3843 | D:5      | Reached skill level 7 in Dodging
  3911 | D:5      | Reached * piety under Makhleb
  3996 | D:5      | Found a snail-covered altar of Cheibriados.
  4090 | D:5      | Noticed Pikel
  4110 | D:5      | Killed Pikel
  4155 | D:5      | Reached skill level 8 in Dodging
  4690 | D:6      | Reached XP level 9. HP: 71/71 MP: 9/9
  5168 | D:6      | Found a transporter.
  5168 | D:6      | Found a transporter.
  5168 | D:6      | Noticed EnegeticOcto's ghost (amateur VSEE)
  5325 | D:6      | Found a sacrificial altar of Ru.
  5559 | D:7      | Found a burning altar of Makhleb.
  5651 | D:7      | Reached skill level 9 in Dodging
  5702 | D:7      | Reached ** piety under Makhleb
  5973 | D:7      | Noticed a two-headed ogre
  5981 | D:7      | Slain by a two-headed ogre

Levels and vault maps discovered:
D:1:      psy_arrival_radial01, layout_loops_corners, minmay_split_cup_small
D:2:      layout_loops_ring, first_ration, grunt_dithmenos_smoke
D:3:      layout_basic, led_xom_imps, uniq_sigmund, uniq_ijyb, uniq_robin,
          uniq_terence, uniq_natasha
D:4:      layout_basic, minmay_temple_entry_ruins, wad_floor_pattern_1,
          minmay_vboxes
D:5:      layout_loops_ring, serial_shops, kennysheep_little_box,
          cheibrodos_worm_habitat, uniq_edmund, uniq_pikel
D:6:      layout_basic, lemuel_round_altar, gammafunk_ghost_arena
D:7:      layout_loops_ring, bloody_makhleb
Temple:   kilobyte_greek_temple

Skill      XL: |  1  2  3  4  5  6  7  8  9 |
---------------+----------------------------+-----
Fighting       | 2 3 4 5 6 7 |  7.3
Dodging        | 4 5 6 8 9 |  9.2
Long Blades    | 4 5 6 7 8 |  8.4
Throwing       | |  1.5

Action                   |  1- 3 |  4- 6 |  7- 9 || total
-------------------------+-------+-------+-------++-------
Melee: Long sword        |    70 |   157 |    80 ||   307
       Bite              |     9 |    21 |    55 ||    85
       Great sword       |       |       |   251 ||   251
 Abil: Exsanguinate      |     2 |       |     1 ||     3
       Revivify          |     2 |       |       ||     2
  Use: Potion            |       |       |     4 ||     4
 Stab: Sleeping          |       |       |     5 ||     5
Armor: Leather armour    |    19 |       |       ||    19
       Ring mail         |     2 |    46 |    80 ||   128
Dodge: Dodged            |    72 |   124 |   329 ||   525
       Rpst.: Long sword |    26 |    41 |    19 ||    86
       Great sword       |       |       |    92 ||    92
